| TOP OF THE 1ST |
|
Quad Cities River Bandits batting - Pitching for Cedar Rapids Kernels : LHP Jon Lizarraga
|
|
Pitching: LHP Jon Lizarraga
|
|
|
Batting: RHB Sean Mounts
|
0-0: Ground out 5-3 (Groundball, 56, EV 96.9 MPH)
|
|
Batting: LHB Daigo Ishii
|
0-0: Ball 1-0: Ball 2-0: Swinging Strike 2-1: Ball 3-1: Base on Balls
|
|
Batting: RHB Erik Smith
|
0-0: Ball 1-0: Foul Ball, location: 2F 1-1: Foul Ball, location: 2F 1-2: Hit by Pitch Daigo Ishii to second
|
|
Batting: LHB Danny Wolver
|
0-0: Ball Daigo Ishii is caught stealing 3rd base 2-5 1-0: Fly out, F5 (Popup, 56, EV 79.4 MPH)
|
| Top of the 1st over - 0 runs, 0 hits, 0 errors, 1 left on base; Quad Cities 0 - Cedar Rapids 0 |
| BOTTOM OF THE 1ST |
|
Cedar Rapids Kernels batting - Pitching for Quad Cities River Bandits : RHP Alexander Hagan
|
|
Pitching: RHP Alexander Hagan
|
|
|
Batting: LHB Brian Wagner
|
0-0: Ball 1-0: SINGLE (Flyball, 34D, EV 88.8 MPH)
|
|
Batting: RHB Kevin Harris
|
0-0: Called Strike 0-1: Ball 1-1: Ball 2-1: Foul Ball, location: 2F 2-2: Ball 3-2: Foul Ball, location: 2F 3-2: Foul Ball, location: 2F 3-2: SINGLE (Groundball, 5D, EV 100.6 MPH) Brian Wagner to second
|
|
Batting: LHB Kuemon Shishido
|
0-0: Ball Brian Wagner steals 3rd base Kevin Harris to second 1-0: Called Strike 1-1: Ball 2-1: Foul Ball, location: 2F 2-2: Ground out U3 (Groundball, 34S, EV 77.5 MPH) Brian Wagner scores Kevin Harris to third
|
|
Batting: LHB Shaun Price
|
0-0: Swinging Strike 0-1: Ball 1-1: Foul Ball, location: 2F 1-2: Ball 2-2: Ball 3-2: Strikes out looking
|
|
Batting: RHB Steve Raine
|
0-0: Called Strike 0-1: Swinging Strike 0-2: Ground out 4-3 (Groundball, 4, EV 82.5 MPH)
|
| Bottom of the 1st over - 1 run, 2 hits, 0 errors, 1 left on base; Quad Cities 0 - Cedar Rapids 1 |
| TOP OF THE 2ND |
|
Quad Cities River Bandits batting - Pitching for Cedar Rapids Kernels : LHP Jon Lizarraga
|
|
Batting: LHB Kelvin Jones
|
0-0: Ball 1-0: Called Strike 1-1: Ground out 6-3 (Groundball, 6, EV 105.6 MPH)
|
|
Batting: RHB Reginald McDougall
|
0-0: Called Strike 0-1: Swinging Strike 0-2: Foul Ball, location: 2F 0-2: Ground out 4-3 (Groundball, 4, EV 76.9 MPH)
|
|
Batting: RHB Lee Wright
|
0-0: Called Strike 0-1: Called Strike 0-2: SINGLE (Groundball, 4MD, EV 99.4 MPH)
|
|
Batting: LHB Fernando Gomez
|
0-0: Foul Ball, location: 2F 0-1: Called Strike 0-2: Strikes out swinging
|
| Top of the 2nd over - 0 runs, 1 hit, 0 errors, 1 left on base; Quad Cities 0 - Cedar Rapids 1 |
| BOTTOM OF THE 2ND |
|
Cedar Rapids Kernels batting - Pitching for Quad Cities River Bandits : RHP Alexander Hagan
|
|
Batting: LHB Marvin Shepherd
|
0-0: Ball 1-0: SOLO HOME RUN (Flyball, 9D, EV 98.8 MPH), Distance : 391 ft
|
|
Batting: RHB Nate Matson
|
0-0: Ball 1-0: DOUBLE (Flyball, 89D, EV 92.5 MPH)
|
|
Batting: RHB Dave Berry
|
0-0: Called Strike 0-1: Foul Ball, location: 2F 0-2: Strikes out looking
|
|
Batting: RHB Antonio Santos
|
0-0: Ground out 6-3 (Groundball, 6, EV 91.2 MPH)
|
|
Batting: LHB Brian Wagner
|
0-0: Ball 1-0: Ball 2-0: Called Strike 2-1: Ball 3-1: Called Strike 3-2: Foul Ball, location: 2F 3-2: 2-RUN HOME RUN (Line Drive, 9D, EV 99.4 MPH), Distance : 384 ft
|
|
Batting: RHB Kevin Harris
|
0-0: Foul Ball, location: 2F 0-1: Ball 1-1: Foul Ball, location: 2F 1-2: Ball 2-2: Strikes out looking
|
| Bottom of the 2nd over - 3 runs, 3 hits, 0 errors, 0 left on base; Quad Cities 0 - Cedar Rapids 4 |
| TOP OF THE 3RD |
|
Quad Cities River Bandits batting - Pitching for Cedar Rapids Kernels : LHP Jon Lizarraga
|
|
Batting: LHB Bob Govella
|
0-0: Ball 1-0: Called Strike 1-1: SINGLE (Groundball, 4, EV 99.4 MPH)
|
|
Batting: RHB Sean Mounts
|
0-0: Ball 1-0: Called Strike 1-1: Ball 2-1: Called Strike 2-2: Strikes out swinging
|
|
Batting: LHB Daigo Ishii
|
0-0: Ball 1-0: Foul Ball, location: 2F 1-1: Ball 2-1: Ball 3-1: Fielders Choice at 2nd, 4-6 (Groundball, 4, EV 98.8 MPH)
|
|
Batting: RHB Erik Smith
|
0-0: Ball 1-0: Ground out U3 (Groundball, 3, EV 80.0 MPH)
|
| Top of the 3rd over - 0 runs, 1 hit, 0 errors, 1 left on base; Quad Cities 0 - Cedar Rapids 4 |
| BOTTOM OF THE 3RD |
|
Cedar Rapids Kernels batting - Pitching for Quad Cities River Bandits : RHP Alexander Hagan
|
|
Batting: LHB Kuemon Shishido
|
0-0: Ball 1-0: Called Strike 1-1: Called Strike 1-2: Ground out U3 (Groundball, 3, EV 80.0 MPH)
|
|
Batting: LHB Shaun Price
|
0-0: Ball 1-0: Foul Ball, location: 2F 1-1: Called Strike 1-2: Strikes out swinging, 2-3 out at first.
|
|
Batting: RHB Steve Raine
|
0-0: Called Strike 0-1: Swinging Strike 0-2: Ball 1-2: Ground out 4-3 (Groundball, 34, EV 82.5 MPH)
|
| Bottom of the 3rd over - 0 runs, 0 hits, 0 errors, 0 left on base; Quad Cities 0 - Cedar Rapids 4 |
| TOP OF THE 4TH |
|
Quad Cities River Bandits batting - Pitching for Cedar Rapids Kernels : LHP Jon Lizarraga
|
|
Batting: LHB Danny Wolver
|
0-0: Foul Ball, location: 2F 0-1: Called Strike 0-2: Foul Ball, location: 2F 0-2: Foul Ball, location: 2F 0-2: Ball 1-2: Foul Ball, location: 2F 1-2: Strikes out swinging
|
|
Batting: LHB Kelvin Jones
|
0-0: Ball 1-0: Ball 2-0: Ball 3-0: Called Strike 3-1: Called Strike 3-2: Base on Balls
|
|
Batting: RHB Reginald McDougall
|
0-0: Called Strike 0-1: Called Strike 0-2: Strikes out swinging
|
|
Batting: RHB Lee Wright
|
0-0: Ball 1-0: Reached on error, E4 (Groundball, 34, EV 82.5 MPH) Kelvin Jones to third
|
|
Batting: LHB Fernando Gomez
|
0-0: Swinging Strike 0-1: Foul Ball, location: 2F 0-2: Ball 1-2: Ball 2-2: Ground out 1-3 (Groundball, 13S, EV 72.5 MPH)
|
| Top of the 4th over - 0 runs, 0 hits, 1 error, 2 left on base; Quad Cities 0 - Cedar Rapids 4 |
| BOTTOM OF THE 4TH |
|
Cedar Rapids Kernels batting - Pitching for Quad Cities River Bandits : RHP Alexander Hagan
|
|
Batting: LHB Marvin Shepherd
|
0-0: Ball 1-0: Swinging Strike 1-1: DOUBLE (Flyball, 78XD, EV 105.0 MPH)
|
|
Batting: RHB Nate Matson
|
0-0: Ball 1-0: Foul Ball, location: 2F 1-1: Foul Ball, location: 2F 1-2: Fly out, F7 (Flyball, 7D, EV 91.9 MPH) Runner from 2nd tags up, SAFE at 3rd, no throw by LF
|
|
Batting: RHB Dave Berry
|
0-0: Called Strike 0-1: Ball 1-1: Swinging Strike 1-2: Foul Ball, location: 2F 1-2: Ball 2-2: Ball 3-2: Base on Balls
|
|
Batting: RHB Antonio Santos
|
0-0: Called Strike Dave Berry is caught stealing 2nd base 2-4 0-1: Ball 1-1: Foul Ball, location: 2F 1-2: Strikes out swinging
|
| Bottom of the 4th over - 0 runs, 1 hit, 0 errors, 1 left on base; Quad Cities 0 - Cedar Rapids 4 |
| TOP OF THE 5TH |
|
Quad Cities River Bandits batting - Pitching for Cedar Rapids Kernels : LHP Jon Lizarraga
|
|
Batting: LHB Bob Govella
|
0-0: Called Strike 0-1: Foul Ball, location: 2F 0-2: Ball 1-2: Foul Ball, location: 2F 1-2: Strikes out looking
|
|
Batting: RHB Sean Mounts
|
0-0: Called Strike 0-1: Swinging Strike 0-2: Ball 1-2: Foul Ball, location: 2F 1-2: Ball 2-2: Foul Ball, location: 2F 2-2: Foul Ball, location: 2F 2-2: DOUBLE (Line Drive, 7LS, EV 91.2 MPH)
|
|
Batting: LHB Daigo Ishii
|
0-0: Ball Sean Mounts steals 3rd base 1-0: Ball 2-0: Ball 3-0: Called Strike 3-1: Foul Ball, location: 2F 3-2: Strikes out looking
|
|
Batting: RHB Erik Smith
|
0-0: Ball 1-0: Foul Ball, location: 2F 1-1: Ball 2-1: Foul Ball, location: 2F 2-2: Ball 3-2: Strikes out swinging
|
| Top of the 5th over - 0 runs, 1 hit, 0 errors, 1 left on base; Quad Cities 0 - Cedar Rapids 4 |
| BOTTOM OF THE 5TH |
|
Cedar Rapids Kernels batting - Pitching for Quad Cities River Bandits : RHP Alexander Hagan
|
|
Batting: LHB Brian Wagner
|
0-0: Ball 1-0: Ball 2-0: Called Strike 2-1: Swinging Strike 2-2: Strikes out swinging
|
|
Batting: RHB Kevin Harris
|
0-0: Ball 1-0: Foul Ball, location: 2F 1-1: Ground out U3 (Groundball, 34, EV 86.9 MPH)
|
|
Batting: LHB Kuemon Shishido
|
0-0: Ball 1-0: Foul Ball, location: 2F 1-1: Called Strike 1-2: Strikes out swinging
|
| Bottom of the 5th over - 0 runs, 0 hits, 0 errors, 0 left on base; Quad Cities 0 - Cedar Rapids 4 |
| TOP OF THE 6TH |
|
Quad Cities River Bandits batting - Pitching for Cedar Rapids Kernels : LHP Jon Lizarraga
|
|
Pitching: RHP Bruce Wight
|
|
|
Batting: LHB Danny Wolver
|
0-0: Swinging Strike 0-1: Ball 1-1: Swinging Strike 1-2: Ball 2-2: Ground out 3-1 (Groundball, 34, EV 81.9 MPH)
|
|
Batting: LHB Kelvin Jones
|
0-0: Ball 1-0: Foul Ball, location: 2F 1-1: Ball 2-1: Fly out, F8 (Flyball, 89M, EV 90.0 MPH)
|
|
Batting: RHB Reginald McDougall
|
0-0: Foul Ball, location: 2F 0-1: Ball 1-1: Swinging Strike 1-2: Ball 2-2: Strikes out looking
|
| Top of the 6th over - 0 runs, 0 hits, 0 errors, 0 left on base; Quad Cities 0 - Cedar Rapids 4 |
| BOTTOM OF THE 6TH |
|
Cedar Rapids Kernels batting - Pitching for Quad Cities River Bandits : RHP Alexander Hagan
|
|
Batting: LHB Shaun Price
|
0-0: Foul Ball, location: 2F 0-1: Ball 1-1: Swinging Strike 1-2: Fly out, F9 (Flyball, 9, EV 86.9 MPH)
|
|
Batting: RHB Steve Raine
|
0-0: Called Strike 0-1: Swinging Strike 0-2: Foul Ball, location: 2F 0-2: Strikes out swinging
|
|
Batting: LHB Marvin Shepherd
|
0-0: Foul Ball, location: 2F 0-1: Ball 1-1: Ball 2-1: Foul Ball, location: 2F 2-2: Ball 3-2: Base on Balls
|
|
Batting: RHB Nate Matson
|
0-0: Ball Marvin Shepherd steals 2nd base 1-0: Foul Ball, location: 2F 1-1: Foul Ball, location: 2F 1-2: Ball 2-2: Strikes out swinging
|
| Bottom of the 6th over - 0 runs, 0 hits, 0 errors, 1 left on base; Quad Cities 0 - Cedar Rapids 4 |
| TOP OF THE 7TH |
|
Quad Cities River Bandits batting - Pitching for Cedar Rapids Kernels : RHP Bruce Wight
|
|
Batting: RHB Lee Wright
|
0-0: Ball 1-0: Ball 2-0: Ball 3-0: Called Strike 3-1: Base on Balls
|
|
Batting: LHB Fernando Gomez
|
0-0: Called Strike 0-1: Grounds into double play, 4-6-3 (Groundball, 4M, EV 83.1 MPH)
|
|
Batting: LHB Bob Govella
|
0-0: Called Strike 0-1: Foul Ball, location: 2F 0-2: SINGLE (Groundball, 6M, EV 82.5 MPH) (infield hit)
|
|
Batting: RHB Sean Mounts
|
0-0: Ball 1-0: Called Strike 1-1: Ball 2-1: SINGLE (Groundball, 4M, EV 96.9 MPH) (infield hit) Bob Govella to second
|
|
Batting: LHB Daigo Ishii
|
0-0: Ball 1-0: Foul Ball, location: 2F 1-1: Called Strike 1-2: Ball 2-2: Ball 3-2: Base on Balls Bob Govella to third Sean Mounts to second
|
|
Batting: RHB Erik Smith
|
0-0: SINGLE (Groundball, 34D, EV 94.4 MPH) Bob Govella scores Sean Mounts to third Daigo Ishii to second Runner from 3rd tries for Home, SAFE, throw by RF to home
|
|
Batting: LHB Danny Wolver
|
0-0: Ball 1-0: Ball 2-0: SINGLE (Groundball, 6, EV 100.0 MPH) Daigo Ishii to third Erik Smith to second Runner from 3rd tries for Home, SAFE, throw by CF to home
|
|
Pitching: LHP Mark Challinor
|
|
|
Pinch Hitting: RHB Tim Persson
|
0-0: Called Strike 0-1: Ground out U3 (Groundball, 34, EV 78.8 MPH)
|
| Top of the 7th over - 3 runs, 4 hits, 0 errors, 2 left on base; Quad Cities 3 - Cedar Rapids 4 |
| BOTTOM OF THE 7TH |
|
Cedar Rapids Kernels batting - Pitching for Quad Cities River Bandits : RHP Alexander Hagan
|
|
Now at 1B: Tim Persson
|
|
|
Now in LF: Erik Smith
|
|
|
Batting: RHB Dave Berry
|
0-0: Swinging Strike 0-1: Ball 1-1: Ball 2-1: Swinging Strike 2-2: Ball 3-2: Fly out, F7 (Flyball, 7S, EV 86.9 MPH)
|
|
Batting: RHB Antonio Santos
|
0-0: Called Strike 0-1: Called Strike 0-2: Ball 1-2: Foul Ball, location: 2F 1-2: Strikes out looking
|
|
Batting: LHB Brian Wagner
|
0-0: Ball 1-0: Ball 2-0: Ball 3-0: SINGLE (Line Drive, 8LS, EV 96.2 MPH)
|
|
Pitching: RHP Carlos Zavala
|
|
|
Batting: RHB Kevin Harris
|
0-0: Called Strike Brian Wagner steals 2nd base 0-1: Foul Ball, location: 2F 0-2: Foul Ball, location: 2F 0-2: Ball 1-2: Ground out 6-3 (Groundball, 6, EV 83.1 MPH)
|
| Bottom of the 7th over - 0 runs, 1 hit, 0 errors, 1 left on base; Quad Cities 3 - Cedar Rapids 4 |
| TOP OF THE 8TH |
|
Quad Cities River Bandits batting - Pitching for Cedar Rapids Kernels : LHP Mark Challinor
|
|
Batting: RHB Reginald McDougall
|
0-0: Called Strike 0-1: Ball 1-1: Foul Ball, location: 2F 1-2: Ball 2-2: Strikes out looking
|
|
Batting: RHB Lee Wright
|
0-0: Called Strike 0-1: Swinging Strike 0-2: Foul Ball, location: 2F 0-2: Strikes out swinging
|
|
Pinch Hitting: RHB Andrew Pride
|
0-0: Foul Ball, location: 2F 0-1: Called Strike 0-2: Ball 1-2: Ball 2-2: Foul Ball, location: 2F 2-2: Ball 3-2: Ground out 6-3 (Groundball, 6, EV 96.2 MPH)
|
| Top of the 8th over - 0 runs, 0 hits, 0 errors, 0 left on base; Quad Cities 3 - Cedar Rapids 4 |
| BOTTOM OF THE 8TH |
|
Cedar Rapids Kernels batting - Pitching for Quad Cities River Bandits : RHP Carlos Zavala
|
|
Now at SS: Andrew Pride
|
|
|
Batting: LHB Kuemon Shishido
|
0-0: Swinging Strike 0-1: Ball 1-1: Foul Ball, location: 2F 1-2: Strikes out looking
|
|
Batting: LHB Shaun Price
|
0-0: Ball 1-0: Fly out, F8 (Flyball, 78S, EV 88.8 MPH)
|
|
Batting: RHB Steve Raine
|
0-0: Ball 1-0: Ball 2-0: Ball 3-0: Called Strike 3-1: SINGLE (Groundball, 56D, EV 96.9 MPH)
|
|
Batting: LHB Marvin Shepherd
|
0-0: Ball 1-0: Ball 2-0: Fielders Choice at 2nd, 6-4 (Groundball, 6, EV 102.5 MPH)
|
| Bottom of the 8th over - 0 runs, 1 hit, 0 errors, 1 left on base; Quad Cities 3 - Cedar Rapids 4 |
| TOP OF THE 9TH |
|
Quad Cities River Bandits batting - Pitching for Cedar Rapids Kernels : LHP Mark Challinor
|
|
Pitching: RHP Steven Legge
|
|
|
Now at 1B: Kevin Harris
|
|
|
Now at 2B: Tim Carter
|
|
|
Batting: LHB Bob Govella
|
0-0: Called Strike 0-1: Foul Ball, location: 2F 0-2: Strikes out looking
|
|
Pinch Hitting: LHB Bruce Arvizu
|
0-0: Ball 1-0: Swinging Strike 1-1: Foul Ball, location: 2F 1-2: Strikes out looking
|
|
Batting: LHB Daigo Ishii
|
0-0: Foul Ball, location: 2F 0-1: Foul Ball, location: 2F 0-2: Strikes out swinging
|
| Top of the 9th over - 0 runs, 0 hits, 0 errors, 0 left on base; Quad Cities 3 - Cedar Rapids 4 |
|